 Dungeon Crawl Stone Soup version 0.25-a0-719-gde951dc (webtiles) character file.

Game seed: 14440913867297877206, levelgen mode: deterministic

129 robertstho the Skirmisher (level 5, -2/43 HPs)
             Began as a Formicid Abyssal Knight on Apr 6, 2020.
             Was a Believer of Lugonu.
             Slain by an ice beast (10 damage)
             ... on level 3 of the Dungeon.
             The game lasted 00:03:08 (1717 turns).

robertstho the Skirmisher (Formicid Abyssal Knight) Turns: 1717, Time: 00:03:09

Health: -2/43      AC:  8    Str: 17    XL:     5   Next: 35%
Magic:  7/7        EV:  9    Int: 12    God:    Lugonu [**....]
Gold:   113        SH:  0    Dex: 10    Spells: 4/4 levels left

rFire    . . .     SeeInvis +   a - +1 hand axe
rCold    . . .     Gourm    +   (no shield)
rNeg     . . .     Faith    .   k - +0 scale mail
rPois    +         Spirit   .   (helmet unavailable)
rElec    .         Reflect  .   (no cloak)
rCorr    .         Harm     .   (no gloves)
MR       .....                  e - +0 pair of boots
Stlth    ..........             r - amulet of the gourmand
HPRegen  0.14/turn              h - ring of poison resistance
MPRegen  0.10/turn              u - ring of flight

@: no status effects
A: permanent stasis, dig shafts and tunnels, four strong arms, antennae 3
a: Dig, Shaft Self, Depart the Abyss, Bend Space, Renounce Religion, Evoke
Flight


You were on level 3 of the Dungeon.
You worshipped Lugonu.
Lugonu was pleased with you.
You were not hungry.

You visited 1 branch of the dungeon, and saw 3 of its levels.
You visited the Abyss 1 time.

You collected 113 gold pieces.

Inventory:

Hand Weapons
 a - a +1 hand axe (weapon)
Missiles
 p - 4 javelins (quivered)
Armour
 e - a +0 pair of boots (worn)
 k - a +0 scale mail (worn)
Jewellery
 h - a ring of poison resistance (left hand)
 r - an amulet of the gourmand (around neck)
 u - a ring of flight (right hand)
Scrolls
 b - 3 scrolls of teleportation {unknown}
 i - a scroll of random uselessness {unknown}
 j - a scroll of fear {unknown}
 m - 3 scrolls of remove curse {unknown}
 q - a scroll of magic mapping {unknown}
Potions
 d - 2 potions of invisibility
 f - a potion of ambrosia {unknown}
 g - a potion of brilliance {unknown}
 l - a potion of cancellation
 n - a potion of flight {unknown}
 o - a potion of lignification {unknown}
 t - 2 potions of curing {unknown}
Comestibles
 c - 7 rations


   Skills:
 * Level 4.7 Fighting
 + Level 2.7 Axes
 * Level 3.2 Armour
 + Level 1.1 Dodging
 * Level 3.1 Invocations


You had 4 spell levels left.
You didn't know any spells.
Your spell library was empty.

Dungeon Overview and Level Annotations

Branches:
Dungeon (3/15)

Altars:
Ashenzari
Nemelex Xobeh
Ru


Innate Abilities, Weirdness & Mutations

You cannot be hasted, slowed, berserked, paralysed or teleported.
You can dig through walls and to a lower floor.
Your four strong arms can wield two-handed weapons with a shield.
You have a pair of large antennae on your head. (SInv)


Message History

The ice beast hits you but does no damage.
You hit the ice beast.
The ice beast is lightly wounded.
The ice beast closely misses you.
You closely miss the ice beast.
The ice beast is lightly wounded.
The ice beast hits you. The ice beast freezes you!
* * * LOW HITPOINT WARNING * * *
You are too injured to fight recklessly!
You are too injured to fight recklessly!
You are too injured to fight recklessly!
You are too injured to fight recklessly!
You are too injured to fight recklessly!
You are too injured to fight recklessly!
You hit the ice beast but do no damage.
The ice beast is lightly wounded.
The ice beast hits you.
* * * LOW HITPOINT WARNING * * *
The ice beast freezes you!
You die...

......##### #{#
###.#..... #{#
###........ #.#
[.......... #.#
.......#######.###
....#...# #......#
#####...###.##.#.#
.รท.............#g#
######..###.####@#
# #....# #.# #Y# #
#....###.# #.# #
#.....##.# #.# #
#.....##.# #.# .
+.....##.# #.#
#........# #.#
#......#.# #.#
.........#.#


You could see an ice beast and a hobgoblin.

Vanquished Creatures
  A bullfrog zombie (D:2)
  A worker ant zombie (D:2)
  3 adders
  A worm (D:2)
  A dart slug (D:1)
  3 leopard geckos
  9 bats
  3 giant cockroaches
  6 hobgoblins
  4 jackals (D:2)
  6 frilled lizards
  7 goblins
  4 kobolds
  6 rats (D:1)
55 creatures vanquished.

Notes
Turn   | Place    | Note
-------+----------+-------------------------------------------
     0 | Abyss:1  | robertstho the Formicid Abyssal Knight began the quest for
                  | the Orb.
     0 | Abyss:1  | Reached XP level 1. HP: 18/18 MP: 2/2
    99 | Abyss:1  | Noticed a small abomination
   129 | D:1      | Escaped the Abyss
   258 | D:1      | Reached XP level 2. HP: 14/24 MP: 3/3
   314 | D:1      | Reached * piety under Lugonu
   354 | D:1      | Reached skill level 1 in Dodging
   357 | D:1      | Reached XP level 3. HP: 21/30 MP: 5/5
   634 | D:2      | Found a sparkling altar of Nemelex Xobeh.
   738 | D:2      | Reached skill level 4 in Fighting
   767 | D:2      | Reached XP level 4. HP: 17/37 MP: 6/6
   891 | D:2      | Reached ** piety under Lugonu
  1313 | D:2      | Reached XP level 5. HP: 31/43 MP: 7/7
  1532 | D:3      | Found a sacrificial altar of Ru.
  1615 | D:3      | Found a shattered altar of Ashenzari.
  1709 | D:3      | Noticed an ice beast
  1717 | D:3      | Slain by an ice beast

Levels and vault maps discovered:
D:1:      enne_arrival_octagon_isle, layout_rooms
D:2:      layout_basic, old_standard_altar, serial_glass, glass_columns_b,
          glass_columns_a, glass_columns_c, glass_columns_a, glass_columns_c,
          glass_columns_b, glass_columns_b, glass_columns_a, item_on_display_b,
          item_on_display_a, minmay_strange_pillars, first_ration
D:3:      layout_basic, grunt_temple_overflow_lords_of_destruction,
          lemuel_doored_altar, old_standard_altar, nicolae_ashenzari_panopticon

Skill      XL: |  1  2  3  4 |
---------------+-------------+-----
Dodging        | 1 |  1.1
Fighting       | 4 |  4.7
Armour         | 3 |  3.2
Invocations    | 3 |  3.1
Axes           | |  2.7

Action                   |  1- 3 |  4- 6 || total
-------------------------+-------+-------++-------
Melee: Hand axe          |   114 |    92 ||   206
Invok: Depart the Abyss  |     1 |       ||     1
  Use: Scroll            |     2 |     1 ||     3
  Eat: Chunk             |       |     7 ||     7
Armor: Ring mail         |    18 |       ||    18
       Leather armour    |     2 |       ||     2
       Scale mail        |    25 |    59 ||    84
Dodge: Dodged            |    72 |    46 ||   118

Table legend:
 A = Non-vault XP
 B = Vault XP
 C = Vault XP percentage of total XP
 D = Non-vault monster count
 E = Vault monster count
 F = Vault count percentage of total count
                 A         B        C        D         E       F
            +---------+---------+-------+---------+---------+-------
      Total |     185 |       0 |   0.0 |      55 |       0 |   0.0
            +---------+---------+-------+---------+---------+-------
        D:1 |      38 |       0 |   0.0 |      23 |       0 |   0.0
        D:2 |     123 |       0 |   0.0 |      23 |       0 |   0.0
        D:3 |      24 |       0 |   0.0 |       9 |       0 |   0.0
            +---------+---------+-------+---------+---------+-------
